 Dungeon Crawl Stone Soup version 0.29-a0-360-g8ed1089bbe (webtiles) character file.

Game seed: 4885522658571081007

380 ytrimaz the Cutter (level 6, -4/48 HPs)
             Began as a Demonspawn Berserker on Apr 28, 2022.
             Was a Believer of Trog.
             Slain by Ijyb
             ... wielding a +6 club
              (12 damage)
             ... on level 4 of the Dungeon.
             The game lasted 00:04:43 (3383 turns).

ytrimaz the Cutter (Demonspawn Berserker)           Turns: 3383, Time: 00:04:43

Health: -4/48      AC:  0    Str: 19    XL:     6   Next: 46%
Magic:  6/6        EV: 20    Int:  9    God:    Trog [**....]
Gold:   208        SH:  0    Dex: 17    Spells: 5/5 levels left

rFire   . . .      SeeInvis .   (weapon currently unavailable)
rCold   . . .      Faith    .   (shield currently unavailable)
rNeg    . . .      Spirit   .   (body armour currently unavailable)
rPois   .          Reflect  .   (helmet currently unavailable)
rElec   .          Harm     .   (cloak currently unavailable)
rCorr   .          Rampage  .   (gloves currently unavailable)
Will    .....                   (boots currently unavailable)
Stlth   ++........              (no amulet)
HPRegen 0.16/turn               (ring currently unavailable)
MPRegen 0.10/turn               (ring currently unavailable)

@: bat-form, on berserk cooldown, flying, slowed, quick
A: fast, flying, no casting, tiny, (horns 1), (slimy green scales 1)
a: Renounce Religion, Berserk, Trog's Hand


You were on level 4 of the Dungeon.
You worshipped Trog.
Trog was pleased with you.
You were a bat.
You visited 1 branch of the dungeon, and saw 4 of its levels.

You collected 208 gold pieces.

Inventory:

Hand Weapons
 a - a +1 short sword (melded)
Armour
 e - a +1 cloak (melded)
 q - a +0 ring mail (melded)
Jewellery
 f - a +6 ring of intelligence (melded)
Wands
 k - a wand of flame (8)
Scrolls
 j - a scroll of blinking
 l - a scroll of identify {unknown}
 o - a scroll of enchant weapon
Potions
 c - 4 potions of curing {unknown}
 d - a potion of invisibility {unknown}
 g - 2 potions of brilliance {unknown}
 h - 2 potions of flight {unknown}
 i - a potion of haste {unknown}
 m - 2 potions of attraction {unknown}
 n - a potion of might
 p - a potion of mutation {unknown}


   Skills:
 + Level 4.2 Fighting
 + Level 5.0 Short Blades
 * Level 2.7 Armour
 + Level 3.1 Dodging


You had 5 spell levels left.
You didn't know any spells.
Your spell library was empty.

Dungeon Overview and Level Annotations

Branches:
Dungeon (4/15)
 Temple: D:4-7

Altars:
Fedhas

Shops:
D:3 :

Annotations:
D:4 Ijyb


Innate Abilities, Weirdness & Mutations

You are a bat.
You are tiny and dextrous.
You move quickly.
You are flying.
Your equipment is almost entirely melded.
You are incapable of wielding weapons or throwing items.
You cannot cast spells.
((You have a pair of small horns on your head.))
((You are partially covered in slimy green scales. (AC +2)))


Message History

Ijyb is lightly wounded.
You hit Ijyb.
Ijyb is moderately wounded.
Ijyb closely misses you.
You hit Ijyb.
Ijyb is moderately wounded.
Ijyb hits you with a +6 club!
Unknown command.
You barely miss Ijyb.
Ijyb is moderately wounded.
You hit Ijyb but do no damage.
Ijyb is moderately wounded.
Your skin stops crawling.
You feel less strong-willed. Ijyb hits you with a +6 club!
You hit Ijyb.
Ijyb is heavily wounded.
You barely miss Ijyb.
Ijyb is heavily wounded.
Ijyb barely misses you.
You hit Ijyb.
Ijyb is severely wounded.
You hit Ijyb but do no damage.
Ijyb is severely wounded.
Ijyb hits you with a +6 club.
You bite Ijyb!
Ijyb is almost dead.
You are no longer berserk.
You are exhausted.
You feel yourself slow down. Ijyb hits you with a +6 club!
* * * LOW HITPOINT WARNING * * *
A kobold comes into view.
It is wielding a +0 hand crossbow and quivering poisoned darts.
The kobold shouts!
You hit Ijyb but do no damage.
Ijyb is almost dead.
Ijyb hits you with a +6 club.
* * * LOW HITPOINT WARNING * * *
You completely miss Ijyb.
Ijyb is almost dead.
Ijyb hits you with a +6 club!
You die...

#. # #.# ## #. #K#
##.#. #.# ##.#..#.#
#.# ##.#..#S# #.#
#.$...g### #.#
#.b#.### #.#
#.#..#.### #.#
###.#..#.### ##.#
###.#..#.#+#..###
###.#..#.##....
###.#.....###
###..#..... ####
############.###
#...##...#.#..#.#.#


You could see Ijyb (strong), an adder and a kobold.

Vanquished Creatures
  Menkaure (D:4)
  A black bear (D:4)
  A hound (D:4)
  An orc wizard (D:3)
  5 adders
  4 dart slugs
  3 orcs (D:3)
  8 ball pythons
  3 bat skeletons (D:2)
  A bat zombie (D:2)
  2 endoplasms
  4 giant cockroaches
  6 goblins
  6 hobgoblins
  4 quokkas
  A ball python skeleton (D:2)
  3 bats
  2 frilled lizards
  A jackal zombie (D:2)
  4 kobolds
  3 rats
64 creatures vanquished.

Vanquished Creatures (others)
  3 plants (D:1)
  3 withered plants (D:2)
6 creatures vanquished.

Grand Total: 70 creatures vanquished

Notes
Turn   | Place    | Note
-------+----------+-------------------------------------------
     0 | D:1      | ytrimaz the Demonspawn Berserker began the quest for the
                  | Orb.
     0 | D:1      | Reached XP level 1. HP: 18/18 MP: 1/1
   188 | D:1      | Found a faded altar of an unknown god.
   349 | D:1      | Gained mutation: You have a pair of small horns on your
                  | head. [demonic ancestry]
   349 | D:1      | Reached XP level 2. HP: 23/24 MP: 2/2
   366 | D:1      | Reached skill level 3 in Short Blades
   447 | D:1      | You fall into a shaft and drop 1 floor!
   854 | D:1      | Reached ** piety under Trog
   855 | D:1      | Reached XP level 3. HP: 25/29 MP: 3/3
  2065 | D:2      | Reached XP level 4. HP: 36/36 MP: 4/4
  2377 | D:3      | Reached skill level 4 in Short Blades
  2802 | D:3      | Found Dules's Book Emporium.
  2934 | D:3      | Reached XP level 5. HP: 42/42 MP: 5/5
  3029 | D:3      | Found a blossoming altar of Fedhas.
  3260 | D:4      | Noticed Menkaure
  3271 | D:4      | Killed Menkaure
  3272 | D:4      | Gained mutation: You are partially covered in slimy green
                  | scales. (AC +2) [demonic ancestry]
  3272 | D:4      | Reached XP level 6. HP: 48/48 MP: 6/6
  3362 | D:4      | Noticed Ijyb
  3370 | D:4      | Reached skill level 5 in Short Blades
  3383 | D:4      | Slain by Ijyb

Illustrated notes

Levels and vault maps discovered:
D:1:      minmay_arrival_four_houses, layout_loops_ring,
          hellmonk_ecumenical_altar_blasted, serial_bayou, serial_bayou_shore_a,
          serial_bayou_crossing, serial_bayou_lagoon_a, serial_bayou_pond_e,
          serial_bayou_pond_e
D:2:      layout_basic, serial_undead, serial_undead_e, serial_undead_e,
          serial_undead_f, serial_undead_b, serial_undead_e, serial_undead_f,
          serial_undead_d, serial_undead_e, serial_undead_d, serial_undead_f
D:3:      layout_basic, nicolae_overflow_hidden_temple, serial_shops,
          nicolae_shop_hallway_plus
D:4:      minmay_razor_zed, layout_rooms, zin_scriptorium, minivault_1,
          uniq_ijyb, uniq_menkaure, uniq_eustachio

Skill      XL: |  1  2  3  4  5  6 |
---------------+-------------------+-----
Short Blades   | 3 4 5 |  5.0
Armour         | 2 |  2.7
Dodging        | 2 3 |  3.1
Fighting       | 4 |  4.2

Action                   |  1- 3 |  4- 6 || total
-------------------------+-------+-------++-------
Melee: Short sword       |   123 |    79 ||   202
       Headbutt          |    23 |    16 ||    39
       Punch             |     1 |     1 ||     2
       Unarmed           |       |    13 ||    13
Invok: Berserk           |     1 |     3 ||     4
       Trog's Hand       |       |     3 ||     3
  Use: Scroll            |     7 |       ||     7
Armor: Animal skin       |    31 |    20 ||    51
       Ring mail         |       |     7 ||     7
Dodge: Dodged            |   102 |    57 ||   159

Table legend: (Time is in decaauts)
 A = Elapsed time spent in this place.
 B = Non-inter-level travel time spent in this place.
 C = Inter-level travel time spent in this place.
 D = Time resting spent in this place.
 E = Time spent auto-exploring this place.
 F = Levels seen in this place.
 G = Mean time per level.
                   A        B        C        D        E       F      G
               +--------+--------+--------+--------+--------+-----+--------+
         Total |   3415 |   3320 |     95 |    228 |   2505 |   4 |  853.8 |
       Dungeon |   3415 |   3320 |     95 |    228 |   2505 |   4 |  853.8 |
               +--------+--------+--------+--------+--------+-----+--------+

Top non-repeatable levels by time:
     D:2: 1280 daAuts
     D:1: 1265 daAuts
     D:3: 694 daAuts
     D:4: 175 daAuts
